 Dungeon Crawl Stone Soup version 0.19.5 (webtiles) character file.

79 Mesmaeker13 the Chucker (level 4, -1/48 HPs)
             Began as an Ogre Hunter on May 2, 2017.
             Slain by a white imp (2 damage)
             ... summoned by Natasha
             ... on level 2 of the Dungeon.
             The game lasted 00:03:42 (1761 turns).

Mesmaeker13 the Chucker (Ogre Hunter)               Turns: 1761, Time: 00:03:42

Health: -1/48      AC:  3    Str: 23    XL:     4   Next: 37%
Magic:  4/4        EV: 10    Int: 10    God:
Gold:   78         SH:  0    Dex: 10    Spells: 0 memorised, 3 levels left

rFire  . . .     SeeInvis .     g - +0 flail
rCold  . . .     Gourm    .     b - +0 robe
rNeg   . . .     Faith    .     (no shield)
rPois  .         Spirit   .     (helmet restricted)
rElec  .         Reflect  .     (no cloak)
rCorr  .         Harm     .     (gloves unavailable)
MR     .....                    (boots unavailable)
Stlth  +.........               (no amulet)
                                (no ring)
                                (no ring)

@: mighty
A: unfitting armour, tough skin 1
a: no special abilities


You were on level 2 of the Dungeon.
You were not hungry.

You visited 1 branch of the dungeon, and saw 2 of its levels.

You collected 78 gold pieces.

Inventory:

Hand Weapons
 g - a +0 flail (weapon)
Missiles
 d - a throwing net (quivered)
 k - 160 stones
Armour
 b - a +0 robe (worn)
Scrolls
 a - 2 scrolls of magic mapping {unknown}
 i - 2 scrolls of identify {unknown}
 j - a scroll of noise {unknown}
 m - 2 scrolls of enchant armour {unknown}
Comestibles
 f - 2 bread rations
 h - 2 beef jerkies
 l - 2 royal jellies


   Skills:
 + Level 3.8 Fighting
 + Level 2.1 Maces & Flails
 + Level 4.4 Throwing
 + Level 2.5 Dodging
 - Level 0.6 Stealth


You had 3 spell levels left.
You didn't know any spells.

Dungeon Overview and Level Annotations

Branches:
Dungeon (2/15)

Altars:
Ashenzari

Annotations:
D:2 Natasha


Innate Abilities, Weirdness & Mutations

You are too large for most types of armour.
You have tough skin. (AC +1)


Message History

Natasha is lightly wounded.
The white imp gestures at you. The puff of frost hits you!
* * * LOW HITPOINT WARNING * * *
Natasha struggles against the net.
The shadow imp gestures at you. Pain shoots through your body!
* * * LOW HITPOINT WARNING * * *
Unknown command.
It was a potion of might.
You feel very mighty all of a sudden. The white imp closely misses you.
Natasha struggles against the net.
The shadow imp hits you.
* * * LOW HITPOINT WARNING * * *
You thump Natasha!
Natasha is severely wounded.
Natasha wildly gestures.
Natasha shimmers violently.
Natasha struggles against the net.
The white imp hits you.
You die...

#...## ##.##
##.#..# #..#
# ###..##.##
##.# #.
##...###..###
#.# #..
#..### ##...#
#.# #.. ##.##
###.###.#
#... #..#
#......
#..#)##
#####.# #.5@#
#### #.#
#.....5h#
....###..
#......5#
#......
#.....(.#
###....
#.....(.#
#####....
#.>....##
.........
#....#.
#####....
#....#( #....
#....


You could see Natasha (caught), a white imp and 2 shadow imps.

Vanquished Creatures
  Natasha (D:2)
  A gnoll (D:1)
  An ooze (D:1)
  A worm (D:2)
  3 dart slugs (D:1)
  4 bats
  A giant cockroach (D:1)
  3 goblins
  4 hobgoblins
  A ball python (D:2)
  4 frilled lizards (D:1)
  6 kobolds
  4 rats
34 creatures vanquished.

Vanquished Creatures (others)
  5 toadstools (D:1)
5 creatures vanquished.

Grand Total: 39 creatures vanquished

Notes
Turn   | Place    | Note
-------+----------+-------------------------------------------
     0 | D:1      | Mesmaeker13 the Ogre Hunter began the quest for the Orb.
     0 | D:1      | Reached XP level 1. HP: 22/22 MP: 1/1
    56 | D:1      | Found a shattered altar of Ashenzari.
    99 | D:1      | Reached XP level 2. HP: 24/31 MP: 2/2
   941 | D:1      | Reached skill level 1 in Maces & Flails
   941 | D:1      | Reached XP level 3. HP: 37/37 MP: 3/3
  1471 | D:2      | Noticed Natasha
  1491 | D:2      | Killed Natasha
  1491 | D:2      | Reached XP level 4. HP: 24/48 MP: 4/4
  1754 | D:2      | Noticed Natasha
  1759 | D:2      | HP: 2/48 [shadow imp/nerve-wracking pain[Natasha] (11)]
  1761 | D:2      | Slain by a white imp

Skill      XL: |  1  2  3 |
---------------+----------+-----
Fighting       | 3 |  3.8
Dodging        | 2 |  2.5
Maces & Flails | 1 2 |  2.1
Throwing       | |  4.4
Stealth        | |  0.6

Action                   |  1- 3 |  4- 6 || total
-------------------------+-------+-------++-------
Melee: Short sword       |    46 |       ||    46
       Club              |    20 |       ||    20
       Flail             |    32 |    12 ||    44
Throw: Large rock        |     7 |     6 ||    13
       Stone             |       |     7 ||     7
       Throwing net      |       |     1 ||     1
  Use: Potion            |       |     1 ||     1
 Stab: Sleeping          |     1 |       ||     1
  Eat: Chunk             |     1 |     2 ||     3
Armor: Robe              |    25 |     3 ||    28
Dodge: Dodged            |    54 |     4 ||    58
